 Dungeon Crawl Stone Soup version 0.26-a0-597-gb535b0901c (webtiles) character file.

Game seed: 15462363057531524903

(classic levelgen) 5 EnegeticOcto the Shield-Bearer (level 1, 17/20 HPs)
             Began as a Deep Dwarf Fighter on Sept 1, 2020.
             Quit the game on level 2 of the Dungeon.
             The game lasted 00:00:07 (177 turns).

EnegeticOcto the Shield-Bearer (Deep Dwarf Fighter)  Turns: 177, Time: 00:00:08

Health: 17/20      AC:  6    Str: 19    XL:     1   Next: 66%
Magic:  1/1        EV:  7    Int:  8    God:
Gold:   5          SH:  9    Dex: 12    Spells: 0/0 levels left

rFire    . . .     SeeInvis .   f - -3 hand axe (curse)
rCold    . . .     Faith    .   c - +0 kite shield
rNeg     . . .     Spirit   .   b - +0 scale mail
rPois    .         Reflect  .   (no helmet)
rElec    .         Harm     .   (no cloak)
rCorr    .                      (no gloves)
MR       .....                  (no boots)
Stlth    ..........             (no amulet)
HPRegen  0.00/turn              (no ring)
MPRegen  0.07/turn              (no ring)

@: non-regenerating
A: damage resistance, heal wounds, sense surroundings 1, no regeneration
a: Heal Wounds


You were on level 2 of the Dungeon.
You visited 1 branch of the dungeon, and saw 2 of its levels.

You collected 5 gold pieces.

Inventory:

Hand Weapons
 a - a +0 war axe
 f - a cursed -3 hand axe (weapon)
Armour
 b - a +0 scale mail (worn)
 c - a +0 kite shield (worn)
Potions
 d - a potion of might {@q3}
 e - a potion of ambrosia {unknown}


   Skills:
 + Level 2.7 Fighting
 * Level 2.4 Axes
 + Level 3.3 Armour
 + Level 3.3 Shields


You couldn't memorise any spells.
You didn't know any spells.
Your spell library was empty.

Dungeon Overview and Level Annotations

Branches:
Dungeon (2/15)

Altars:
Xom


Innate Abilities, Weirdness & Mutations

You are resistant to damage.
You can heal yourself by infusing magical energy.
You passively map a small area around you.
You do not regenerate.


Message History

You kill the goblin!
No target in view!
No target in view!
No target in view!
No target in view!
No target in view!
You now have 5 gold pieces.
Things that are here:
a +0 dagger; a goblin corpse A bat comes into view.
The bat barely misses you.
A bat is nearby!
You hit the bat.
The bat is moderately wounded.
The bat barely misses you. The bat hits you but does no damage.
The bat barely misses you.
You slash the bat!
You kill the bat!
No target in view!
No target in view!
No target in view!
No target in view!
No target in view!
No target in view!
No target in view!
No target in view!
No target in view!
No target in view!
No target in view!
No target in view!
No target in view!
No target in view!
(D) Dungeon
Where to? (? - help)
There is a stone staircase leading down here.
You climb downwards.
A rat comes into view.
Found an emerald potion and a glowing hand axe.
There is a stone staircase leading up here.
A rat is nearby!
A rat is nearby!
You see here an emerald potion.
You block the rat's attack.
You hit the rat.
You kill the rat!
No target in view!
No target in view!
No target in view!
No target in view!
No target in view!
No target in view!
No target in view!
No target in view!
No target in view!
No target in view!
No target in view!
No target in view!
No target in view!
No target in view!
No target in view!
No target in view!
No target in view!
e - an emerald potion A quokka comes into view.
Found 15 stones.
You see here a rat corpse.
Found a shimmering altar of Xom.
You see here a glowing hand axe.
f - a glowing hand axe You block the quokka's attack.
You closely miss the quokka. You block the quokka's attack.
The quokka bites you.
A hobgoblin comes into view.
You hit the quokka.
You kill the quokka!
The hobgoblin hits you.
You closely miss the hobgoblin. You block the hobgoblin's attack.
The hobgoblin barely misses you.
You hit the hobgoblin but do no damage.
The hobgoblin hits you but does no damage.
You closely miss the hobgoblin. The hobgoblin barely misses you. x2
You closely miss the hobgoblin. The hobgoblin barely misses you.
You closely miss the hobgoblin. The hobgoblin hits you.
You hit the hobgoblin.
The hobgoblin is moderately wounded.
You block the hobgoblin's attack. The hobgoblin barely misses you.
You hit the hobgoblin.
The hobgoblin is heavily wounded.
The hobgoblin barely misses you. You block the hobgoblin's attack.
You closely miss the hobgoblin.
The hobgoblin is heavily wounded.
The hobgoblin hits you but does no damage.
You closely miss the hobgoblin.
The hobgoblin is heavily wounded.
You block the hobgoblin's attack. x2
You hit the hobgoblin.
You kill the hobgoblin!
It sticks to your hand!
f - a cursed -3 hand axe (weapon)
Are you sure you want to abandon this character and quit the game? (Confirm with "yes".)

, , * *...... *
,, ..^^^..# , ,
* #.^_^..# ,
#.^.^..# , *
#......# * *
###(.#.#######.,
, ,
..............P
, * * * #.†@# ,
, #...## , *
##....# ##..†..#
* , ####......#
* * ..........#
.###......# * ,
, * ##.<.#.# ,
...........#


There were no monsters in sight!

Vanquished Creatures
  A goblin (D:1)
  A hobgoblin (D:2)
  A quokka (D:2)
  A bat (D:1)
  A rat (D:2)
5 creatures vanquished.

Notes
Turn   | Place    | Note
-------+----------+-------------------------------------------
     0 | D:1      | EnegeticOcto the Deep Dwarf Fighter began the quest for the
                  | Orb.
     0 | D:1      | Reached XP level 1. HP: 20/20 MP: 1/1
   160 | D:2      | Found a shimmering altar of Xom.
   177 | D:2      | Quit the game

Illustrated notes

Levels and vault maps discovered:
D:1:      minmay_arrival_three_doors, layout_basic, minmay_crystal_room
D:2:      layout_loops_ring, yredelemnul_forgotten_temple_becter,
          nicolae_overflow_hidden_temple, serial_bayou_pond_a, xom_teletrap_fun,
          uniq_jessica

Action                   || total
-------------------------++-------
Melee: War axe           ||    18
Armor: Scale mail        ||     4
Dodge: Dodged            ||     9
Block: Kite shield       ||     9

Table legend: (Time is in decaauts)
 A = Elapsed time spent in this place.
 B = Non-inter-level travel time spent in this place.
 C = Inter-level travel time spent in this place.
 D = Time resting spent in this place.
 E = Time spent auto-exploring this place.
 F = Levels seen in this place.
 G = Mean time per level.
                   A        B        C        D        E       F      G
               +--------+--------+--------+--------+--------+-----+--------+
         Total |    185 |    146 |     39 |      0 |    100 |   2 |   92.5 |
       Dungeon |    185 |    146 |     39 |      0 |    100 |   2 |   92.5 |
               +--------+--------+--------+--------+--------+-----+--------+

Top non-repeatable levels by time:
     D:1: 153 daAuts
     D:2: 31 daAuts
